[Event "FIDE WYCC Girls U14 2023"]
[Site "Montesilvano"]
[Date "2023.11.15"]
[Round "3.30"]
[White "Sodgerelt Naranbold"]
[Black "Qi, Jenny"]
[Result "1/2-1/2"]
[ECO "B90"]
[WhiteElo "1419"]
[BlackElo "1737"]
[Annotator "NA"]
[PlyCount "170"]
[EventDate "2023.11.13"]
[EventType "swiss"]
[EventCountry "ITA"]
[SourceTitle "playchess.com"]
[Source "ChessBase"]
[SourceQuality "1"]
[TimeControl "40/5400+30:1800+30"]

1. e4 c5 2. Nf3 d6 3. d4 cxd4 4. Nxd4 Nf6 5. Nc3 a6 6. Nb3 g6 7. Be2 Bg7 8. Be3 Nbd7 9. g4 h5 10. g5 Ng4 11. Qd2 Nxe3 12. Qxe3 O-O 13. f4 b5 14. O-O-O Bb7 15. Rhf1 Qc7 16. Nd5 Bxd5 17. exd5 Rfc8 18. Qe4 Nb6 19. f5 Na4 20. Nd4 Nc5 21. Qf3 Bxd4 22. Rxd4 Ne6 23. Rd2 Nd4 24. Qd3 Nxf5 25. Bxh5 Qc4 26. Qxc4 Rxc4 27. Be2 Rc7 28. Bd3 Ne3 29. Re1 Ng4 30. h4 Ne5 31. Re3 Rc5 32. Be2 Rac8 33. Rh3 Kg7 34. a4 Nc4 35. Bxc4 Rxc4 36. axb5 axb5 37. b3 Re4 38. Kb2 Rh8 39. Rdh2 Re5 40. c4 bxc4 41. bxc4 Re4 42. Kb3 Rb8+ 43. Kc3 Rc8 44. h5 Rexc4+ 45. Kb3 gxh5 46. Rxh5 R4c7 47. Rh7+ Kg6 48. R2h6+ Kf5 49. Rxf7+ Kxg5 50. Rh3 Rb7+ 51. Ka2 Ra8+ 52. Ra3 Rxa3+ 53. Kxa3 Kg6 54. Rf1 Rb5 55. Rd1 Kf6 56. Ka4 Rc5 57. Kb4 Ke5 58. Re1+ Kxd5 59. Rxe7 Rc1 60. Rh7 Re1 61. Kc3 Re3+ 62. Kd2 Rg3 63. Rh5+ Ke4 64. Rh4+ Kf5 65. Rh5+ Ke6 66. Rh6+ Kd7 67. Rh2 Kc6 68. Re2 Kc5 69. Re4 d5 70. Rh4 d4 71. Rh8 Rg6 72. Rc8+ Rc6 73. Rxc6+ Kxc6 74. Kd3 Kd5 75. Kd2 Kc4 76. Kc2 d3+ 77. Kd2 Kd4 78. Kd1 Ke3 79. Ke1 Kf3 80. Kd2 Ke4 81. Kd1 Kd5 82. Kd2 Kc4 83. Kd1 Kc3 84. Kc1 d2+ 85. Kd1 Kd3 1/2-1/2

[Event "FIDE WYCC Girls U14 2023"]
[Site "Montesilvano"]
[Date "2023.11.15"]
[Round "3.31"]
[White "Maral Altankhuyag"]
[Black "Li, Anna Sofie"]
[Result "1-0"]
[ECO "D02"]
[WhiteElo "1398"]
[BlackElo "1722"]
[Annotator "NA"]
[PlyCount "31"]
[EventDate "2023.11.13"]
[EventType "swiss"]
[EventCountry "ITA"]
[SourceTitle "playchess.com"]
[Source "ChessBase"]
[SourceQuality "1"]
[TimeControl "40/5400+30:1800+30"]

1. d4 d5 2. Nf3 Nf6 3. g3 Bf5 4. Bg2 e6 5. O-O Bd6 6. Nbd2 c5 7. c4 Nc6 8. cxd5 Nb4 9. e4 Nxe4 10. dxe6 Nxd2 11. exf7+ Kxf7 12. Bxd2 Bd3 13. Ng5+ Ke8 14. Re1+ Kd7 15. Qg4+ Kc7 16. Ne6+ 1-0

[Event "FIDE WYCC Girls U14 2023"]
[Site "Montesilvano"]
[Date "2023.11.15"]
[Round "3.32"]
[White "Jankovic, Tamara"]
[Black "Bajic, Marija"]
[Result "1-0"]
[ECO "C54"]
[WhiteElo "1711"]
[BlackElo "1412"]
[Annotator "NA"]
[PlyCount "45"]
[EventDate "2023.11.13"]
[EventType "swiss"]
[EventCountry "ITA"]
[SourceTitle "playchess.com"]
[Source "ChessBase"]
[SourceQuality "1"]
[TimeControl "40/5400+30:1800+30"]

1. e4 e5 2. Nf3 Nc6 3. Bc4 Bc5 4. c3 Nf6 5. d3 O-O 6. O-O a6 7. Bb3 d6 8. h3 h6 9. Nbd2 Re8 10. Re1 Be6 11. Nf1 d5 12. exd5 Bxd5 13. Ng3 Ba7 14. Be3 Bxe3 15. Rxe3 Qd6 16. Bc2 Rad8 17. Nf5 Qd7 18. N3h4 b5 19. Rg3 Kh8 20. Nxg7 Rg8 21. Qd2 Kh7 22. Nhf5 Ne7 23. Qxh6# 1-0

[Event "FIDE WYCC Girls U14 2023"]
[Site "Montesilvano"]
[Date "2023.11.15"]
[Round "3.33"]
[White "Michalska, Lena"]
[Black "Poetscher, Katharina"]
[Result "1-0"]
[ECO "E73"]
[WhiteElo "1640"]
[BlackElo "1345"]
[Annotator "NA"]
[PlyCount "79"]
[EventDate "2023.11.13"]
[EventType "swiss"]
[EventCountry "ITA"]
[SourceTitle "playchess.com"]
[Source "ChessBase"]
[SourceQuality "1"]
[TimeControl "40/5400+30:1800+30"]

1. d4 Nf6 2. c4 g6 3. Nc3 Bg7 4. e4 d6 5. Be2 O-O 6. Bg5 h6 7. Be3 c5 8. dxc5 Qa5 9. cxd6 Nxe4 10. dxe7 Bxc3+ 11. bxc3 Qxc3+ 12. Kf1 Re8 13. Bxh6 g5 14. Nf3 Qf6 15. Qd4 Nd2+ 16. Qxd2 Qxa1+ 17. Ne1 Qe5 18. Bxg5 Be6 19. h4 Nc6 20. h5 Nd4 21. Bd3 Bf5 22. h6 f6 23. h7+ Kh8 24. Be3 Rxe7 25. Qb2 Rd8 26. Qb1 Be4 27. Rh4 f5 28. Bxe4 fxe4 29. Qb2 Nf5 30. Qxe5+ Rxe5 31. Bg5 Nxh4 32. Bxd8 Rh5 33. Bf6+ Kxh7 34. g4 Rh6 35. g5 Rh5 36. Ke2 Nf5 37. Ng2 Rh1 38. Ne3 Kg6 39. Nd5 Ra1 40. Bxa1 1-0

[Event "FIDE WYCC Girls U14 2023"]
[Site "Montesilvano"]
[Date "2023.11.15"]
[Round "3.34"]
[White "Namala, Dhanvi"]
[Black "Briem, Gudrun Fanney"]
[Result "0-1"]
[ECO "B12"]
[WhiteElo "1388"]
[BlackElo "1692"]
[Annotator "NA"]
[PlyCount "80"]
[EventDate "2023.11.13"]
[EventType "swiss"]
[EventCountry "ITA"]
[SourceTitle "playchess.com"]
[Source "ChessBase"]
[SourceQuality "1"]
[TimeControl "40/5400+30:1800+30"]

1. e4 c6 2. d4 d5 3. e5 Bf5 4. h4 h6 5. g4 Bd7 6. Bd3 e6 7. h5 c5 8. c3 Nc6 9. Ne2 Qb6 10. Bc2 O-O-O 11. a4 Be7 12. Na3 a6 13. Rb1 cxd4 14. cxd4 Bb4+ 15. Kf1 Nge7 16. Bd2 Kb8 17. Bc3 Rhf8 18. Bd3 f6 19. Bxb4 Nxb4 20. Rh3 fxe5 21. Nc2 Nec6 22. Nxb4 Nxb4 23. Ra1 a5 24. Ra3 e4 25. Bb1 e5 26. Rhg3 Rf7 27. Rg2 Rdf8 28. Rag3 Rf3 29. Ng1 Rxg3 30. Rxg3 exd4 31. Kg2 d3 32. Nh3 Qd4 33. b3 Qb2 34. Kh2 d4 35. Kh1 Bc6 36. Kg1 Qe2 37. Qf1 Bd5 38. Rg2 Rc8 39. f4 Qxf1+ 40. Kxf1 Rc1+ 0-1

[Event "FIDE WYCC Girls U14 2023"]
[Site "Montesilvano"]
[Date "2023.11.15"]
[Round "3.35"]
[White "Huang, Jolie"]
[Black "Nguyen, Thuy Linh"]
[Result "0-1"]
[ECO "A61"]
[WhiteElo "1680"]
[BlackElo "1398"]
[Annotator "NA"]
[PlyCount "100"]
[EventDate "2023.11.13"]
[EventType "swiss"]
[EventCountry "ITA"]
[SourceTitle "playchess.com"]
[Source "ChessBase"]
[SourceQuality "1"]
[TimeControl "40/5400+30:1800+30"]

1. d4 c5 2. d5 e6 3. c4 exd5 4. cxd5 Nf6 5. Nc3 d6 6. Nf3 g6 7. Nd2 Bg7 8. e4 O-O 9. Be2 a6 10. a4 Nfd7 11. O-O f5 12. Nc4 Ne5 13. f4 Nxc4 14. Bxc4 Nd7 15. Qc2 Bd4+ 16. Kh1 Nf6 17. Bd3 Ng4 18. g3 Rb8 19. Rb1 b5 20. b3 Qe7 21. Bd2 b4 22. Ne2 fxe4 23. Bxe4 Nf2+ 24. Rxf2 Bxf2 25. Kg2 Re8 26. Bd3 Be3 27. Bxe3 Qxe3 28. Ng1 Bb7 29. Bc4 Qe4+ 30. Qxe4 Rxe4 31. Nf3 h6 32. Rd1 Rbe8 33. Kf2 a5 34. Bd3 Re3 35. Bc4 Rc3 36. Kg2 Bc8 37. Nh4 g5 38. fxg5 hxg5 39. Nf3 Bg4 40. Rf1 Rc2+ 41. Kg1 Bxf3 42. Rxf3 Re1+ 43. Bf1 Rc3 44. Rf6 Rcc1 45. Rxd6 Rxf1+ 46. Kg2 Rfd1 47. Rg6+ Kf7 48. Rxg5 c4 49. bxc4 b3 50. d6 b2 0-1

[Event "FIDE WYCC Girls U14 2023"]
[Site "Montesilvano"]
[Date "2023.11.16"]
[Round "4.1"]
[White "Natoli, Alessia"]
[Black "Lyutsinger, Iren"]
[Result "1-0"]
[ECO "E10"]
[WhiteElo "1756"]
[BlackElo "2020"]
[Annotator "NA RC"]
[PlyCount "71"]
[EventDate "2023.11.13"]
[EventType "swiss"]
[EventCountry "ITA"]
[SourceTitle "playchess.com"]
[Source "ChessBase"]
[SourceQuality "1"]
[TimeControl "40/5400+30:1800+30"]

1. d4 Nf6 2. c4 e6 3. Nf3 d5 4. e3 c5 5. Nc3 Nc6 6. cxd5 Nxd5 7. Bb5 cxd4 8. Nxd4 Nxc3 9. bxc3 Bd7 10. Nxc6 Bxc6 11. Bxc6+ bxc6 12. Qa4 Qc7 13. Ba3 Bxa3 14. Qxa3 c5 15. Qa4+ Qd7 16. Qc4 O-O 17. Rd1 Qc6 18. O-O Rfd8 19. Rd3 Qb6 20. Rfd1 Rxd3 21. Qxd3 Rb8 22. h3 h6 23. Qd7 Rb7 24. Qc8+ Kh7 25. Kh2 a5 26. Rd8 Rc7 27. Rh8+ Kg6 28. Qg8 Qd6+ 29. f4 e5 30. Qh7+ Kf6 31. Rg8 exf4 32. Qxg7+ Ke6 33. Qxh6+ f6 34. exf4 Rh7 35. Qxh7 Qxf4+ 36. Rg3 1-0

[Event "FIDE WYCC Girls U14 2023"]
[Site "Montesilvano"]
[Date "2023.11.16"]
[Round "4.2"]
[White "Shukhman, Anna"]
[Black "Khulan, Bayarsaikhan"]
[Result "1-0"]
[ECO "C41"]
[WhiteElo "2263"]
[BlackElo "1615"]
[Annotator "RC"]
[PlyCount "99"]
[EventDate "2023.11.13"]
[EventType "swiss"]
[EventCountry "ITA"]
[SourceTitle "playchess.com"]
[Source "ChessBase"]
[SourceQuality "1"]
[TimeControl "40/5400+30:1800+30"]

1. e4 d6 2. d4 Nf6 3. Nc3 e5 4. Nf3 Nbd7 5. a4 c6 6. Bc4 Be7 7. O-O O-O 8. Re1 Qc7 9. a5 h6 10. Bf1 Rd8 11. d5 Nf8 12. b4 cxd5 13. Nxd5 Nxd5 14. exd5 Bg4 15. c4 f5 16. Qb3 b6 17. c5 Bxf3 18. Qxf3 bxc5 19. bxc5 Qxc5 20. Be3 Qc7 21. Qxf5 Rdb8 22. Rec1 Qb7 23. Rab1 Qd7 24. Qxd7 Nxd7 25. Rxb8+ Rxb8 26. Rc7 Rd8 27. Bb5 Rb8 28. Bxd7 Bd8 29. Rc1 Bxa5 30. Rc8+ Rxc8 31. Bxc8 Bb4 32. Bxa7 Kf7 33. Kf1 Ke7 34. Ke2 Ba5 35. Kf3 Kf6 36. Ke4 g6 37. Be3 Be1 38. g4 Kg7 39. h4 Kf6 40. h5 g5 41. Bb6 Bd2 42. Bd8+ Kf7 43. Kf5 Bb4 44. Be6+ Kg7 45. Bf6+ Kh7 46. Bf7 Bc3 47. Ke6 Be1 48. Ke7 e4 49. Kf8 Bc3 50. Bg8# 1-0

[Event "FIDE WYCC Girls U14 2023"]
[Site "Montesilvano"]
[Date "2023.11.16"]
[Round "4.3"]
[White "Piddubna, Bozhena"]
[Black "Skramstad, Oda Kofoed"]
[Result "1-0"]
[ECO "A37"]
[WhiteElo "2081"]
[BlackElo "1801"]
[Annotator "NA RC"]
[PlyCount "53"]
[EventDate "2023.11.13"]
[EventType "swiss"]
[EventCountry "ITA"]
[SourceTitle "playchess.com"]
[Source "ChessBase"]
[SourceQuality "1"]
[TimeControl "40/5400+30:1800+30"]

1. c4 c5 2. Nf3 Nc6 3. g3 g6 4. Bg2 Bg7 5. Nc3 d6 6. O-O Bf5 7. b3 Qd7 8. Bb2 Nf6 9. d4 cxd4 10. Nxd4 Bh3 11. Nd5 Nxd5 12. cxd5 Nxd4 13. Bxd4 Bxd4 14. Qxd4 O-O 15. Bxh3 Qxh3 16. Rac1 Qd7 17. Rc4 a6 18. Rfc1 Rac8 19. h4 Rfd8 20. h5 gxh5 21. Qh4 Rxc4 22. Rxc4 Qf5 23. Qxe7 Rd7 24. Qe8+ Kg7 25. Rf4 Qh3 26. Rh4 Qf5 27. e4 1-0

[Event "FIDE WYCC Girls U14 2023"]
[Site "Montesilvano"]
[Date "2023.11.16"]
[Round "4.4"]
[White "Mgeladze, Kesaria"]
[Black "Stefan, Iulia-Cristiana"]
[Result "1/2-1/2"]
[ECO "D00"]
[WhiteElo "2065"]
[BlackElo "1748"]
[Annotator "NA RC"]
[PlyCount "103"]
[EventDate "2023.11.13"]
[EventType "swiss"]
[EventCountry "ITA"]
[SourceTitle "playchess.com"]
[Source "ChessBase"]
[SourceQuality "1"]
[TimeControl "40/5400+30:1800+30"]

1. d4 d5 2. Nc3 Nf6 3. Bf4 a6 4. e3 Bf5 5. f3 e6 6. g4 Bg6 7. h4 h5 8. g5 Nfd7 9. Bd3 Bxd3 10. Qxd3 g6 11. e4 c6 12. Nh3 Bg7 13. O-O-O O-O 14. Ne2 Nb6 15. Ng3 N8d7 16. Bd6 Re8 17. f4 Nc4 18. Be5 Ndxe5 19. fxe5 Qa5 20. Qb3 Qb5 21. Qc3 Qa5 22. Qb3 Qb5 23. Nf4 Qxb3 24. axb3 Nb6 25. Rhf1 Rac8 26. Nd3 Bf8 27. exd5 cxd5 28. Rf2 Rc7 29. Rdf1 Rec8 30. Kb1 Ra8 31. Ne2 Rd8 32. Nc3 Rdd7 33. Nf4 Rd8 34. Nd3 Rdd7 35. Rf6 Bg7 36. R6f3 Bf8 37. R1f2 Rd8 38. Nd1 Rdd7 39. Ne3 Rc8 40. Nf4 Bb4 41. Nd3 Bf8 42. Ng2 Rcc7 43. Ngf4 Rc8 44. Rg3 Kh7 45. Ne1 Bg7 46. Rff3 Bf8 47. Rg2 Bb4 48. Ned3 Bf8 49. Rgf2 Kg8 50. Ne2 Rcc7 51. Nc3 Rc8 52. Nf4 1/2-1/2

[Event "FIDE WYCC Girls U14 2023"]
[Site "Montesilvano"]
[Date "2023.11.16"]
[Round "4.5"]
[White "Sachi Jain"]
[Black "Kaliakhmet, Elnaz"]
[Result "0-1"]
[ECO "B30"]
[WhiteElo "1743"]
[BlackElo "1933"]
[Annotator "NA RC"]
[PlyCount "60"]
[EventDate "2023.11.13"]
[EventType "swiss"]
[EventCountry "ITA"]
[SourceTitle "playchess.com"]
[Source "ChessBase"]
[SourceQuality "1"]
[TimeControl "40/5400+30:1800+30"]

1. e4 c5 2. Nf3 Nc6 3. d3 g6 4. c3 d5 5. Nbd2 Bg7 6. g3 e5 7. Bg2 Nge7 8. O-O O-O 9. Re1 h6 10. exd5 Nxd5 11. Nc4 Re8 12. Qb3 Nc7 13. a4 Rb8 14. Be3 Be6 15. Rad1 a6 16. Qb6 Qd7 17. Qxc5 Bf8 18. Nfxe5 Qc8 19. Nd6 Bxd6 20. Qxd6 Nxe5 21. Bb6 Bb3 22. Rxe5 Bxd1 23. Bxc7 Rxe5 24. Qxe5 Ra8 25. Bd5 Qd7 26. Qf6 Qxc7 27. Qxg6+ Kf8 28. Qxh6+ Ke7 29. Qg5+ Kd7 30. Qg4+ Bxg4 0-1

[Event "FIDE WYCC Girls U14 2023"]
[Site "Montesilvano"]
[Date "2023.11.16"]
[Round "4.6"]
[White "Kirtadze, Anastasia"]
[Black "Saparya Ghosh"]
[Result "1-0"]
[ECO "C42"]
[WhiteElo "1921"]
[BlackElo "1659"]
[Annotator "NA RC"]
[PlyCount "103"]
[EventDate "2023.11.13"]
[EventType "swiss"]
[EventCountry "ITA"]
[SourceTitle "playchess.com"]
[Source "ChessBase"]
[SourceQuality "1"]
[TimeControl "40/5400+30:1800+30"]

1. e4 e5 2. Nf3 Nf6 3. Nxe5 d6 4. Nf3 Nxe4 5. d4 d5 6. Bd3 Bg4 7. h3 Bh5 8. Be3 Bd6 9. Bxe4 dxe4 10. g4 Bg6 11. Nfd2 O-O 12. Nc3 f5 13. gxf5 Rxf5 14. Ndxe4 Bf4 15. Qd2 Qh4 16. O-O-O Nd7 17. Rhg1 Bxe3 18. Qxe3 Rf4 19. Ng3 Re8 20. Qd2 Ref8 21. Rgf1 Qxh3 22. Nd5 R4f7 23. Rde1 Qh4 24. Qe3 Kh8 25. Ne7 Qf4 26. Nxg6+ hxg6 27. Ne4 Re7 28. Qxf4 Rxf4 29. Rh1+ Kg8 30. Nf6+ Nxf6 31. Rxe7 Nd5 32. Rd7 Rxd4 33. Rd1 Rxd1+ 34. Kxd1 c6 35. Rxb7 a5 36. c4 Nb4 37. a3 Nd3 38. Ke2 Ne5 39. c5 Kf8 40. Rc7 g5 41. b3 g6 42. Ra7 Ke8 43. Ke3 Ng4+ 44. Kf3 Nf6 45. Rxa5 Kd7 46. Ra7+ Ke6 47. Rg7 g4+ 48. Ke2 Kd5 49. Rxg6 Ne4 50. b4 Nc3+ 51. Kd3 Ne4 52. Rd6+ 1-0

[Event "FIDE WYCC Girls U14 2023"]
[Site "Montesilvano"]
[Date "2023.11.16"]
[Round "4.7"]
[White "Trunz, Tamila"]
[Black "Ciarletta, Iris"]
[Result "0-1"]
[ECO "B99"]
[WhiteElo "1732"]
[BlackElo "1882"]
[Annotator "NA RC"]
[PlyCount "84"]
[EventDate "2023.11.13"]
[EventType "swiss"]
[EventCountry "ITA"]
[SourceTitle "playchess.com"]
[Source "ChessBase"]
[SourceQuality "1"]
[TimeControl "40/5400+30:1800+30"]

1. e4 c5 2. Nf3 d6 3. d4 cxd4 4. Nxd4 Nf6 5. Nc3 a6 6. Bg5 e6 7. f4 Be7 8. Qf3 Qc7 9. O-O-O Nbd7 10. Qg3 b5 11. a3 Bb7 12. Bd3 Nc5 13. Rhe1 h6 14. Bxf6 Bxf6 15. e5 dxe5 16. fxe5 Bg5+ 17. Kb1 O-O 18. h4 Be7 19. Qh3 Rfd8 20. Bf1 Qa5 21. b4 Qxa3 22. bxc5 Qxc5 23. Nb3 Qc7 24. Na2 b4 25. Rxd8+ Rxd8 26. Qg4 Rc8 27. Bd3 a5 28. Nd4 Bd5 29. Nb5 Qb6 30. g3 b3 31. cxb3 Bxb3 32. Rc1 Bxa2+ 33. Kb2 Rxc1 34. Qe4 g6 35. Kxc1 Qc5+ 36. Kd2 Bd5 37. Qe2 Qg1 38. Qg4 Bb4+ 39. Kc2 Qf2+ 40. Be2 Qe3 41. h5 Be4+ 42. Kb2 Qd2+ 0-1

[Event "FIDE WYCC Girls U14 2023"]
[Site "Montesilvano"]
[Date "2023.11.16"]
[Round "4.8"]
[White "Agamyradova, Mahri"]
[Black "Maklakova, Naomi"]
[Result "1-0"]
[ECO "D02"]
[WhiteElo "1652"]
[BlackElo "1873"]
[Annotator "NA RC"]
[PlyCount "83"]
[EventDate "2023.11.13"]
[EventType "swiss"]
[EventCountry "ITA"]
[SourceTitle "playchess.com"]
[Source "ChessBase"]
[SourceQuality "1"]
[TimeControl "40/5400+30:1800+30"]

1. d4 d5 2. Nf3 Nf6 3. Bf4 e6 4. e3 c5 5. c3 Bd6 6. Bg3 Qc7 7. Nbd2 Nbd7 8. Bd3 e5 9. dxe5 Nxe5 10. Nxe5 Bxe5 11. Bb5+ Bd7 12. Bxd7+ Nxd7 13. Nf3 Bxg3 14. hxg3 Nb6 15. Qd3 g6 16. Qb5+ Nd7 17. O-O-O a6 18. Qa4 b5 19. Qh4 Qc6 20. Qg5 Nf6 21. Qe5+ Qe6 22. Rxd5 Qxe5 23. Rxe5+ Kf8 24. Rxc5 Ne4 25. Rc7 Nxf2 26. Rf1 Ne4 27. Ne5 f5 28. g4 Re8 29. gxf5 Ng3 30. Nd7+ Ke7 31. Rf3 Nxf5 32. e4 Kd6 33. Ra7 Rxe4 34. Rd3+ Kc6 35. Rxa6+ Kc7 36. Nc5 Re1+ 37. Kd2 Re7 38. g4 Rhe8 39. gxf5 Re2+ 40. Kc1 Re1+ 41. Kc2 Rb8 42. Rd7+ 1-0

[Event "FIDE WYCC Girls U14 2023"]
[Site "Montesilvano"]
[Date "2023.11.16"]
[Round "4.9"]
[White "Sezdbekova, Aizhan"]
[Black "Zagorac, Lara"]
[Result "1-0"]
[ECO "B27"]
[WhiteElo "1594"]
[BlackElo "1866"]
[Annotator "NA RC"]
[PlyCount "79"]
[EventDate "2023.11.13"]
[EventType "swiss"]
[EventCountry "ITA"]
[SourceTitle "playchess.com"]
[Source "ChessBase"]
[SourceQuality "1"]
[TimeControl "40/5400+30:1800+30"]

1. e4 c5 2. Nf3 g6 3. d4 cxd4 4. Qxd4 Nf6 5. e5 Nc6 6. Qa4 Nd5 7. Qb3 e6 8. c4 Nb6 9. Nc3 d5 10. exd6 Bxd6 11. Be3 Qe7 12. O-O-O O-O 13. Ne4 Bb4 14. a3 f5 15. axb4 fxe4 16. Bc5 Qf7 17. Bxf8 Qxf8 18. Nd2 Nd4 19. Qe3 Nf5 20. Qc3 Na4 21. Qb3 Bd7 22. Nxe4 Bc6 23. Nc3 Nxc3 24. Qxc3 Rc8 25. f3 b5 26. b3 a5 27. bxa5 Qa3+ 28. Kb1 b4 29. Qb2 Qxa5 30. Bd3 Ra8 31. Rhe1 Kf7 32. Re5 Qb6 33. Bxf5 gxf5 34. Rde1 Bd7 35. g4 fxg4 36. fxg4 Qd6 37. Rf1+ Ke7 38. Re3 Ra3 39. Qf6+ Ke8 40. Qh8+ 1-0

[Event "FIDE WYCC Girls U14 2023"]
[Site "Montesilvano"]
[Date "2023.11.16"]
[Round "4.10"]
[White "Diasamidze, Lulu"]
[Black "Khamdamova, Afruza"]
[Result "0-1"]
[ECO "C88"]
[WhiteElo "1676"]
[BlackElo "2199"]
[Annotator "RC"]
[PlyCount "120"]
[EventDate "2023.11.13"]
[EventType "swiss"]
[EventCountry "ITA"]
[SourceTitle "playchess.com"]
[Source "ChessBase"]
[SourceQuality "1"]
[TimeControl "40/5400+30:1800+30"]

1. e4 e5 2. Nf3 Nc6 3. Bb5 a6 4. Ba4 Nf6 5. O-O Be7 6. Re1 b5 7. Bb3 d6 8. a4 Bd7 9. axb5 axb5 10. Rxa8 Qxa8 11. c3 O-O 12. d3 Na5 13. Bc2 c5 14. d4 cxd4 15. cxd4 Nc6 16. h3 Rc8 17. dxe5 dxe5 18. Bb3 b4 19. Bg5 Be8 20. Nbd2 h6 21. Bxf6 Bxf6 22. Bd5 Qb8 23. Qe2 Ne7 24. Bc4 Ng6 25. b3 Nf4 26. Qf1 Bd7 27. Ra1 Be7 28. Kh2 Bc5 29. Ne1 Qd6 30. Nd3 Nxd3 31. Bxd3 Qf6 32. g3 Qxf2+ 33. Qxf2 Bxf2 34. Bc4 Bd4 35. Rf1 Be8 36. Nf3 Bc3 37. Nh4 Rc7 38. Nf5 Rd7 39. Rf2 Bd4 40. Ra2 Rd8 41. Nxd4 exd4 42. Bd5 d3 43. Rd2 Bb5 44. Kg2 Rc8 45. Kf3 Rc1 46. h4 Kf8 47. Ke3 Ke7 48. g4 f6 49. Rg2 Rc2 50. Rg1 Re2+ 51. Kd4 d2 52. Rd1 Bd7 53. Kd3 Bxg4 54. Rxd2 Rxd2+ 55. Kxd2 g5 56. hxg5 fxg5 57. Ke3 Be6 58. Bb7 Bxb3 59. e5 Be6 60. Be4 h5 0-1

[Event "FIDE WYCC Girls U14 2023"]
[Site "Montesilvano"]
[Date "2023.11.16"]
[Round "4.11"]
[White "Arzur, Maia"]
[Black "Viti, Greta"]
[Result "1-0"]
[ECO "C55"]
[WhiteElo "1997"]
[BlackElo "1644"]
[Annotator "NA RC"]
[PlyCount "73"]
[EventDate "2023.11.13"]
[EventType "swiss"]
[EventCountry "ITA"]
[SourceTitle "playchess.com"]
[Source "ChessBase"]
[SourceQuality "1"]
[TimeControl "40/5400+30:1800+30"]

1. e4 e5 2. Nf3 Nc6 3. Bc4 Nf6 4. d3 h6 5. a4 d6 6. c3 g5 7. Be3 Bg7 8. a5 a6 9. Qb3 Qe7 10. Nbd2 Nd8 11. Nf1 Ne6 12. g3 O-O 13. Qc2 c6 14. Bb6 d5 15. Ba2 dxe4 16. dxe4 Nc5 17. N3d2 Kh8 18. Ne3 Ng4 19. Ndc4 Be6 20. h4 Nd7 21. f3 Nxb6 22. fxg4 Nxc4 23. Bxc4 Qc5 24. Qe2 Bf6 25. b4 Qe7 26. Nf5 Bxf5 27. gxf5 c5 28. b5 axb5 29. Bxb5 gxh4 30. gxh4 Bxh4+ 31. Kd2 Bg5+ 32. Kc2 Rfd8 33. Qh5 Rd2+ 34. Kb3 f6 35. Rhg1 Qf8 36. Bc4 Qe7 37. Rxg5 1-0

[Event "FIDE WYCC Girls U14 2023"]
[Site "Montesilvano"]
[Date "2023.11.16"]
[Round "4.12"]
[White "Goriachkina, Oksana"]
[Black "Wojs, Alicja"]
[Result "1-0"]
[ECO "E18"]
[WhiteElo "1915"]
[BlackElo "1630"]
[Annotator "NA RC"]
[PlyCount "101"]
[EventDate "2023.11.13"]
[EventType "swiss"]
[EventCountry "ITA"]
[SourceTitle "playchess.com"]
[Source "ChessBase"]
[SourceQuality "1"]
[TimeControl "40/5400+30:1800+30"]

1. d4 Nf6 2. c4 e6 3. Nf3 b6 4. g3 Bb7 5. Bg2 Be7 6. Nc3 O-O 7. O-O Ne4 8. Qd3 f5 9. Nd2 d5 10. f3 Nxc3 11. bxc3 c5 12. e4 fxe4 13. fxe4 Rxf1+ 14. Nxf1 Na6 15. cxd5 exd5 16. e5 Nc7 17. Ne3 Qd7 18. Nf5 Rf8 19. Nxe7+ Qxe7 20. Ba3 Rd8 21. Rd1 Qe6 22. dxc5 Qxe5 23. cxb6 axb6 24. Bc1 Ba6 25. Qe3 Qf6 26. Qg5 Bc4 27. Qxf6 gxf6 28. Be3 Bxa2 29. Bxb6 Rd7 30. Ra1 Nb5 31. Rxa2 Nxc3 32. Ra8+ Kg7 33. Ra7 Rxa7 34. Bxa7 Kf7 35. Kf2 Ke6 36. Ke3 Nb5 37. Bd4 h5 38. Bh3+ Kf7 39. Bf1 Nxd4 40. Kxd4 h4 41. Kxd5 Kg6 42. Ke4 Kg5 43. Kf3 f5 44. Bd3 hxg3 45. hxg3 Kf6 46. Kf4 Kg6 47. Bxf5+ Kf6 48. g4 Kf7 49. Kg5 Kg7 50. Be6 Kh7 51. Kf6 1-0

[Event "FIDE WYCC Girls U14 2023"]
[Site "Montesilvano"]
[Date "2023.11.16"]
[Round "4.13"]
[White "Blauhut, Anna"]
[Black "Iordache, Alexia-Andreea"]
[Result "1/2-1/2"]
[ECO "B51"]
[WhiteElo "1640"]
[BlackElo "1892"]
[Annotator "NA RC"]
[PlyCount "126"]
[EventDate "2023.11.13"]
[EventType "swiss"]
[EventCountry "ITA"]
[SourceTitle "playchess.com"]
[Source "ChessBase"]
[SourceQuality "1"]
[TimeControl "40/5400+30:1800+30"]

1. e4 c5 2. Nf3 d6 3. Bb5+ Nd7 4. O-O a6 5. Bd3 Ngf6 6. Re1 Qc7 7. Bf1 b6 8. d4 cxd4 9. Nxd4 Bb7 10. Nd2 Nc5 11. f3 e6 12. c3 Be7 13. N2b3 O-O 14. Be3 d5 15. exd5 Nxd5 16. Bf2 Rfd8 17. Bg3 Bd6 18. Bxd6 Rxd6 19. Qc2 Rad8 20. Rad1 R6d7 21. Qf2 Nf6 22. Qg3 Qxg3 23. hxg3 Bd5 24. Nxc5 bxc5 25. Nc2 Bxa2 26. Rxd7 Rxd7 27. Bxa6 Bb3 28. Ne3 Rd2 29. Re2 Rxe2 30. Bxe2 Nd5 31. Kf2 Kf8 32. Bc4 Bxc4 33. Nxc4 Ke7 34. Ke2 f6 35. Ne3 Nc7 36. Kd3 Kd6 37. b4 cxb4 38. cxb4 Kc6 39. Kc4 Nb5 40. g4 Nd6+ 41. Kb3 Kb5 42. Nc2 e5 43. Na3+ Ka6 44. Nc4 Nb5 45. Nd2 Kb6 46. Ne4 Nd4+ 47. Kc4 Kc6 48. Nc3 f5 49. b5+ Kb6 50. Nd5+ Kb7 51. Ne3 g6 52. gxf5 gxf5 53. Kd5 f4 54. Nc4 Nc2 55. Ke4 Ne1 56. Kxe5 Nxg2 57. Nd6+ Kb6 58. Kf5 Kc5 59. Ne4+ Kxb5 60. Ng5 h5 61. Ne6 h4 62. Nxf4 h3 63. Nxh3 Nh4+ 1/2-1/2

[Event "FIDE WYCC Girls U14 2023"]
[Site "Montesilvano"]
[Date "2023.11.16"]
[Round "4.14"]
[White "Negre, Emilie"]
[Black "Valente, Sofia"]
[Result "1-0"]
[ECO "A65"]
[WhiteElo "1871"]
[BlackElo "1604"]
[Annotator "NA RC"]
[PlyCount "35"]
[EventDate "2023.11.13"]
[EventType "swiss"]
[EventCountry "ITA"]
[SourceTitle "playchess.com"]
[Source "ChessBase"]
[SourceQuality "1"]
[TimeControl "40/5400+30:1800+30"]

1. d4 Nf6 2. c4 c5 3. d5 e6 4. Nc3 exd5 5. cxd5 d6 6. e4 g6 7. h3 Bg7 8. Nf3 O-O 9. Bd3 b5 10. Nxb5 Nxe4 11. Bxe4 Re8 12. Ng5 h6 13. Ne6 Qa5+ 14. Nc3 Bxc3+ 15. bxc3 Bxe6 16. dxe6 Rxe6 17. O-O Qxc3 18. Bd2 1-0

[Event "FIDE WYCC Girls U14 2023"]
[Site "Montesilvano"]
[Date "2023.11.16"]
[Round "4.15"]
[White "Zhang, Michelle"]
[Black "Haapsal, Maria Ioanna"]
[Result "1-0"]
[ECO "B34"]
[WhiteElo "1833"]
[BlackElo "1597"]
[Annotator "NA RC"]
[PlyCount "89"]
[EventDate "2023.11.13"]
[EventType "swiss"]
[EventCountry "ITA"]
[SourceTitle "playchess.com"]
[Source "ChessBase"]
[SourceQuality "1"]
[TimeControl "40/5400+30:1800+30"]

1. e4 c5 2. Nf3 Nc6 3. d4 cxd4 4. Nxd4 Nf6 5. Nc3 e5 6. Ndb5 d6 7. a4 a6 8. Na3 Be7 9. Bg5 Be6 10. Bxf6 Bxf6 11. Bc4 O-O 12. O-O Bg5 13. Nd5 g6 14. c3 Kh8 15. Kh1 Bh6 16. f4 f5 17. exf5 gxf5 18. g3 Rc8 19. Qh5 Bg7 20. Rad1 Bf7 21. Qe2 Ne7 22. fxe5 Rxc4 23. Nxc4 Bxd5+ 24. Kg1 Bxc4 25. Qxc4 Qb6+ 26. Qd4 Qxd4+ 27. cxd4 d5 28. Kg2 Bh6 29. b4 Rc8 30. b5 a5 31. Rd3 Rc4 32. Rfd1 Nc8 33. h4 Kg7 34. Kf3 Nb6 35. g4 fxg4+ 36. Kxg4 Nxa4 37. Kh5 Bc1 38. Rf3 Rc8 39. Rg1+ Kh8 40. e6 Nb6 41. e7 Nd7 42. Rxc1 Re8 43. Kh6 a4 44. Rf7 Nf6 45. Rxf6 1-0